 Dungeon Sprint DCSS version 0.20-a0-1062-g7b787ac (webtiles) character file.

245 Dipster the Grappler (level 5, -6/59 HPs)
             Began as a Troll Transmuter on Apr 27, 2017.
             Was a Follower of Cheibriados.
             Killed from afar by a gargoyle (25 damage)
             ... with a stone arrow
             ... in the Dungeon (Sprint IX: "|||||||||||||||||||||||||||||").
             The game lasted 00:01:09 (333 turns).

Dipster the Grappler (Troll Transmuter)              Turns: 333, Time: 00:01:10

Health: -6/59      AC:  7    Str: 24    XL:     5   Next: 84%
Magic:  2/5        EV: 10    Int: 11    God:    Cheibriados [*.....]
Gold:   0          SH:  0    Dex: 12    Spells: 5/6 levels left

rFire    . . .     SeeInvis .     - Unarmed
rCold    . . .     Gourm    +   (no shield)
rNeg     . . .     Faith    .   b - +0 robe
rPois    .         Spirit   .   (helmet restricted)
rElec    .         Reflect  .   (no cloak)
rCorr    .         Harm     .   (gloves unavailable)
MR       .....     NoTele   +   (boots unavailable)
Stlth    +.........             (no amulet)
Regen    0.6/turn               o - +2 ring of protection
MPRegen  0.1/turn               p - +3 ring of strength

@: very slightly contaminated, invisible, very slow
A: unfitting armour, claws 3, fast metabolism 3, gourmand, regeneration 1,
shaggy fur 1, tough skin 2
a: Bend Time, Renounce Religion


You were in the Dungeon.
You worshipped Cheibriados.
Cheibriados was aware of your devotion.
You were not hungry.

You visited 1 branch

Inventory:

Missiles
 a - 12 arrows
Armour
 b - a +0 robe (worn)
Jewellery
 o - a +2 ring of protection (left claw)
 p - a +3 ring of strength (right claw)
Wands
 n - a wand of lightning (5/15)
Scrolls
 j - 2 scrolls of blinking
 l - 3 scrolls of remove curse
 m - 2 scrolls of amnesia
Potions
 e - 4 potions of curing
 g - a potion of haste
 h - 4 potions of magic
 i - a potion of berserk rage
Books
 c - a book of Changes

   Spells                             Type                      Level
   a - Beastly Appendage              Transmutation                1
   b - Sticks to Snakes               Transmutation                2
   c - Spider Form                    Transmutation/Poison         3
   d - Ice Form                       Ice/Transmutation            4
   e - Blade Hands                    Transmutation                5
Comestibles
 d - 2 bread rations


   Skills:
 + Level 5.8 Fighting
 - Level 1.5 Dodging
 * Level 10.3 Unarmed Combat
 - Level 1.2 Spellcasting
 - Level 1.3 Transmutations


You had 5 spell levels left.
You knew the following spells:

 Your Spells              Type           Power        Failure   Level  Hunger
a - Beastly Appendage     Tmut           #.....       19%         1    ##.....


Dungeon Overview and Level Annotations

Branches:
Dungeon (1/1)

Altars:
Cheibriados
Dithmenos
Elyvilon
Fedhas
Gozag
Hepliaklqana
Kikubaaqudgha
Makhleb
Nemelex Xobeh
Okawaru
Qazlal
Ru
Sif Muna
Trog
Uskayaw
Vehumet
Wu Jian
Xom
Yredelemnul
Zin
The Shining One
Beogh
Jiyva
Lugonu


Innate Abilities, Weirdness & Mutations

You are too large for most types of armour.
You have claws for hands.
Your metabolism is lightning-fast.
You like to eat raw meat.
Your natural rate of healing is unusually fast.
You are covered in fur. (AC +1)
You have very tough skin. (AC +2)


Message History

The bolt of lightning hits the adder.
You kill the adder!
Cheibriados appreciates the change of pace.
This wand has 6 charges left.
The gargoyle hurls a stone arrow at you.
The stone arrow hits you!
Evoke which item? (* to show all) (? for menu, Esc to quit)
Aiming: Lightning Bolt
Press: ? - help, Shift-Dir - straight line, f/p - gargoyle
Aim: a gargoyle, wielding a mace (lightly damaged)
You hear a mighty clap of thunder!
The bolt of lightning misses the gargoyle.
The bolt of lightning hits the two-headed ogre.
The two-headed ogre is moderately wounded.
The bolt of lightning hits the necrophage.
The necrophage is moderately damaged.
This wand has 5 charges left.
The gargoyle hurls a stone arrow at you.
The stone arrow hits you!
You die... ▓▓▓▓▓▓▓▓▓▓▓▓▓▓▓▓▓▓▓▓▓▓▓▓ _______'..|)[[[.@9O.n... ▓▓▓▓▓▓▓▓▓▓▓▓▓▓▓▓▓▓▓▓▓▓▓▓

You could see a two-headed ogre, a gargoyle and a necrophage.

Vanquished Creatures
  An unseen horror (D)
  A killer bee (D)
  A quasit (D)
  A worker ant (D)
  An adder (D)
  A dart slug (D)
  A leopard gecko (D)
  A bat zombie (D)
  2 kobolds (D)
  A frilled lizard (D)
  A quokka zombie (D)
  A rat (D)
13 creatures vanquished.

Notes
Turn   | Place    | Note
-------+----------+-------------------------------------------
     0 | D        | Dipster the Troll Transmuter began the quest for the Orb.
     0 | D        | Reached XP level 1. HP: 18/18 MP: 1/1
     9 | D        | Reached skill level 1 in Fighting
    14 | D        | Reached skill level 4 in Unarmed Combat
   124 | D        | Noticed a worker ant
   124 | D        | Noticed a quasit
   130 | D        | Killed a worker ant
   130 | D        | Reached skill level 5 in Unarmed Combat
   130 | D        | Reached XP level 2. HP: 22/29 MP: 2/2
   130 | D        | Reached XP level 3. HP: 27/36 MP: 3/3
   259 | D        | Reached skill level 7 in Unarmed Combat
   259 | D        | Reached XP level 4. HP: 40/46 MP: 4/4
   266 | D        | Found a roughly hewn altar of Beogh.
   266 | D        | Found a snail-covered altar of Cheibriados.
   266 | D        | Found a shadowy altar of Dithmenos.
   266 | D        | Found a white marble altar of Elyvilon.
   266 | D        | Found a blossoming altar of Fedhas.
   266 | D        | Found an opulent altar of Gozag.
   267 | D        | Found a hazy altar of Hepliaklqana.
   268 | D        | Found a viscous altar of Jiyva.
   269 | D        | Found an ancient bone altar of Kikubaaqudgha.
   270 | D        | Became a worshipper of Cheibriados the Contemplative
   271 | D        | Found a corrupted altar of Lugonu.
   272 | D        | Found a burning altar of Makhleb.
   273 | D        | Found a sparkling altar of Nemelex Xobeh.
   274 | D        | Found an iron altar of Okawaru.
   275 | D        | Found a stormy altar of Qazlal.
   276 | D        | Found a sacrificial altar of Ru.
   277 | D        | Found a deep blue altar of Sif Muna.
   278 | D        | Found a bloodstained altar of Trog.
   279 | D        | Found a hide-covered altar of Uskayaw.
   280 | D        | Found a radiant altar of Vehumet.
   281 | D        | Found an ornate altar of the Wu Jian Council.
   282 | D        | Found a shimmering altar of Xom.
   283 | D        | Found a basalt altar of Yredelemnul.
   284 | D        | Found a glowing silver altar of Zin.
   285 | D        | Found a glowing golden altar of the Shining One.
   311 | D        | Noticed a gargoyle
   311 | D        | Noticed a two-headed ogre
   311 | D        | Noticed a necrophage
   317 | D        | Reached skill level 8 in Unarmed Combat
   331 | D        | Killed an unseen horror
   331 | D        | Reached * piety under Cheibriados
   331 | D        | Reached skill level 5 in Fighting
   331 | D        | Reached skill level 10 in Unarmed Combat
   331 | D        | Reached XP level 5. HP: 37/59 MP: 2/5
   333 | D        | Killed from afar by a gargoyle

Vault maps used:
D:        linesprint

Skill      XL: |  1  2  3  4 |
---------------+-------------+-----
Fighting       | 2 3 5 |  5.8
Unarmed Combat | 5 7 10 | 10.3
Dodging        | |  1.5
Spellcasting   | |  1.2
Transmutations | |  1.3

Action                   |  1- 3 |  4- 6 || total
-------------------------+-------+-------++-------
Melee: Unarmed           |    31 |    12 ||    43
Invok: Bend Time         |       |     1 ||     1
Evoke: Wand              |       |     2 ||     2
  Use: Potion            |       |     5 ||     5
Armor: Robe              |    11 |     8 ||    19
Dodge: Dodged            |    13 |     6 ||    19
